 Dungeon Crawl Stone Soup version 0.31-b1-20-g67cafac56d (webtiles) character file.

Game seed: 11356111501754346887

7054 PaiMei the Artisan of Death (level 10, -8/77 HPs)
             Began as a Demonspawn Necromancer on Jan 17, 2024.
             Was a Priest of Kikubaaqudgha.
             Mangled by a large abomination (33 damage)
             ... on level 1 of the Abyss.
             The game lasted 00:17:46 (13218 turns).

PaiMei the Artisan of Death (DsNe)                 Turns: 13218, Time: 00:17:46

Health: -8/77      AC: 14    Str: 14      XL:     10   Next: 83%
Magic:  30/30      EV: 14    Int: 18      God:    Kikubaaqudgha [***...]
Gold:   401        SH:  0    Dex: 10 (12) Spells: 11/24 levels left

rFire   . . .        C - +1 short sword (drain)
rCold   . . .        (no shield)
rNeg    + . .        J - +0 steam dragon scales
rPois   +            (no helmet)
rElec   .            a - +2 ratskin cloak {*Rats rPois rN+ Str-1 Int-1 Dex+1}
rCorr   .            L - +0 pair of gloves
SInv    .            p - +2 pair of boots
Will    +....        i - amulet of regeneration
Stlth   +++          x - ring of Beogh's Hatred {Will+ Str+5 Dex-2 Slay+5}
HPRegen 1.12/turn    F - ring of magical power
MPRegen 0.22/turn

%: no passive effects
@: mighty
A: claws 2, thin metallic scales 1, powered by death 2, powered by pain 2
a: Renounce Religion, Unearth Wretches


You were on level 1 of the Abyss.
You worshipped Kikubaaqudgha.
Kikubaaqudgha was most pleased with you.
You visited 2 branches of the dungeon, and saw 10 of its levels.
You visited the Abyss 1 time.
You also visited: Sewer and Bailey.

You collected 401 gold pieces.

Inventory:

Hand Weapons
 w - a +0 dagger of speed
 C - a +1 short sword of draining (weapon)
Missiles
 d - 43 poisoned darts (quivered)
 G - 4 curare-tipped darts
Armour
 a - the +2 ratskin cloak (worn) {*Rats rPois rN+ Str-1 Int-1 Dex+1}
   (You found it on level 7 of the Dungeon)

   *Rats:     When the wearer is hurt, rats may emerge from it to assist them.
   Str-1:     It affects your strength (-1).
   Int-1:     It affects your intelligence (-1).
   Dex+1:     It affects your dexterity (+1).
   rPois:     It protects you from poison rN+: It protects you from negative
   energy.
 p - a +2 pair of boots (worn)
 t - the +1 pair of gloves "Xaestam" {^Contam Harm Int+6}
   (You found it on level 3 of the Dungeon)

   Int+6:     It affects your intelligence (+6).
   ^Contam:   It causes magical contamination when unequipped.
   Harm:      It increases damage dealt and taken.
 J - +0 steam dragon scales (worn)
 L - a +0 pair of gloves (worn)
 N - the quicksilver dragon scales of Crawling {Will+ rCorr Slay+2}
   (You took it off a spriggan in a bailey)

   Slay+2:    It affects your accuracy & damage with ranged weapons and melee
   (+2).
   Will+:     It increases your willpower.
   rCorr:     It protects you from acid and corrosion.
Jewellery
 i - an amulet of regeneration (around neck)
 x - the ring of Beogh's Hatred (left hand) {Will+ Str+5 Dex-2 Slay+5}
   (You found it on level 4 of the Dungeon)

   [ring of willpower]

   Str+5:     It affects your strength (+5).
   Dex-2:     It affects your dexterity (-2).
   Slay+5:    It affects your accuracy & damage with ranged weapons and melee
   (+5).
   Will+:     It increases your willpower.
 F - a ring of magical power (right hand)
 H - an amulet of faith
 I - a +4 ring of protection
Wands
 l - a wand of quicksilver (7)
 v - a wand of digging (8)
 O - a wand of paralysis (12)
 P - a wand of flame (14)
Scrolls
 f - 7 scrolls of fear {unknown}
 h - 4 scrolls of enchant armour {unknown}
 k - 5 scrolls of teleportation {unknown}
 n - 9 scrolls of identify {unknown}
 s - 2 scrolls of revelation {unknown}
 y - a scroll of fog {unknown}
 D - a scroll of blinking {unknown}
 K - 2 scrolls of silence {unknown}
 M - a scroll of summoning {unknown}
 Q - a scroll of poison {unknown}
Potions
 b - a potion of magic
 c - 2 potions of heal wounds {unknown}
 e - 2 potions of berserk rage {unknown}
 g - 6 potions of curing
 j - 4 potions of brilliance {unknown}
 m - 2 potions of mutation {unknown}
 o - a potion of attraction {unknown}
 q - a potion of enlightenment {unknown}
 r - 3 potions of haste {unknown}
 u - a potion of resistance {unknown}
 z - 2 potions of degeneration {unknown}
 A - 2 potions of might {unknown}
 B - a potion of invisibility {unknown}
 E - a potion of lignification {unknown}


   Skills:
 + Level 6.7 Fighting
 + Level 7.9 Dodging
 - Level 5.0 Stealth
 + Level 7.9 Spellcasting
 + Level 10.2 Necromancy


You had 11 spell levels left.
You knew the following spells:

 Your Spells              Type           Power      Damage    Failure   Level
a - Necrotise             Necr           100%       1d9       1%          1
b - Vampiric Draining     Necr           44%        2d9       1%          3
c - Animate Dead          Necr           44%        N/A       1%          4
d - Curse of Agony        Necr           44%        N/A       4%          5

Your spell library contained the following spells:

 Spells                   Type           Power      Damage    Failure   Level
 Kiss of Death            Conj/Necr      100%       2d13      1%          1
 Fugue of the Fallen      Necr           44%        N/A       1%          3
 Cigotuvi's Dreadful Rot  Necr/Alch/Air  38%        N/A       3%          2
 Freeze                   Ice            28%        1d5       10%         1
 Magic Dart               Conj           28%        1d4       10%         1
 Anguish                  Hex/Necr       12%        N/A       12%         4
 Martyr's Knell           Necr/Summ      25%        N/A       12%         4
 Blink                    Tloc           14%        N/A       16%         2
 Call Imp                 Summ           14%        N/A       16%         2
 Scorch                   Fire           14%        2d5       16%         2
 Static Discharge         Conj/Air       14%        3-4/arc   16%         2
 Death Channel            Necr           22%        N/A       22%         6
 Frozen Ramparts          Ice            14%        1d3       30%         3
 Hailstorm                Conj/Ice       7%         3d5       30%         3
 Borgnjor's Vile Clutch   Necr/Erth      12%        N/A       32%         5
 Airstrike                Air            3%         2d(1-17)  69%         4
 Brom's Barrelling Bould  Conj/Erth      7%         2d3       69%         4
 Flame Wave               Conj/Fire      7%         2d5       69%         4
 Summon Lightning Spire   Summ/Air       7%         N/A       69%         4
 Fireball                 Conj/Fire      3%         3d4       95%         5
 Iskenderun's Battlesphe  Conj           7%         2d6       95%         5
 Conjure Ball Lightning   Conj/Air       3%         3x3d6     100%        6
 Summon Cactus Giant      Summ           3%         N/A       100%        6
 Orb of Destruction       Conj           3%         9d5       100%        7


Dungeon Overview and Level Annotations

Branches:
Dungeon (9/15)             Temple (1/1) D:4           Sewer (visited)
 Bailey (visited)
   Lair: D:8-11         Orc: D:9-12

Altars:
Ashenzari
Dithmenos
Fedhas
Gozag
Hepliaklqana
Kikubaaqudgha
Makhleb
Nemelex Xobeh
Qazlal
Sif Muna
Trog
Uskayaw
Vehumet
Wu Jian
Xom
Yredelemnul

Shops:
D:8 *

Annotations:
D:7 2 runed translucent doors
D:9 Erolcha
Abyss:1 1 runed translucent door


Innate Abilities, Weirdness & Mutations

You have very sharp fingernails.
You are partially covered in thin metallic scales. (AC +2)
You regenerate health from kills.
You sometimes gain power by taking damage.


Message History

Casting: Curse of Agony (dangerous; 4% risk of failure)
Confirm with . or Enter, or press ? or * to list all spells.
You can't see any susceptible monsters within range! (Use Z to cast anyway.)
You puncture the quasit!
You kill the quasit!
Kikubaaqudgha accepts your kill. The large abomination hits you!
The large abomination attacks as it pursues you!
The large abomination completely misses you.
Casting: Curse of Agony (dangerous; 4% risk of failure)
Confirm with . or Enter, or press ? or * to list all spells.
You can't see any susceptible monsters within range! (Use Z to cast anyway.)
Casting: Curse of Agony (dangerous; 4% risk of failure)
Confirm with . or Enter, or press ? or * to list all spells.
You can't see any susceptible monsters within range! (Use Z to cast anyway.)
You hit the large abomination but do no damage.
The large abomination hits you!!
Casting: Curse of Agony (dangerous; 4% risk of failure)
Confirm with . or Enter, or press ? or * to list all spells.
You can't see any susceptible monsters within range! (Use Z to cast anyway.)
You hit the large abomination but do no damage.
The large abomination closely misses you.
You hit the large abomination but do no damage.
The large abomination misses you.
You hit the large abomination but do no damage.
The large abomination hits you.
You puncture the large abomination!
The large abomination is lightly damaged.
The large abomination misses you.
You hit the large abomination but do no damage.
The large abomination is lightly damaged.
The large abomination hits you!!
A river rat scurries out from under your cloak.
You focus on the pain.
You feel very mighty all of a sudden.
You hit the large abomination.
The large abomination is moderately damaged.
The large abomination hits you!!
You die...
Kikubaaqudgha rasps: "You have failed me!
Welcome... death!"

# #. # # .. #.#
#.# #####.# .#
# ....###### .
# .## ##.§....#
. #
#.##r.....## .
#.##§X....#~
...d # #
#.@.#..#~ .♣ .
#.............
#.##........♣..
♣ #
###'####....
... ### #.# ~..
#.#. # ~. .~
### #.# .. # .
..# # #


You could see a large abomination (ally target) and a friendly river rat.

Vanquished Creatures
  A two-headed ogre (Bailey)
  Pikel (D:6)
  Maurice (D:8)
  4 yaks (D:8)
  4 spriggans (Bailey)
  A wyvern (D:7)
  2 steam dragons
  2 water moccasins
  2 orc warriors
  A sky beast (D:8)
  2 black bears
  An ice beast (D:7)
  3 ogres (Bailey)
  A centaur (D:5)
  3 lemures (D:6)
  2 phantoms (D:6)
  5 kobold brigands
  A gnoll sergeant (D:8)
  3 bullfrogs
  4 scorpions (D:6)
  3 jellies
  14 killer bees
  A bombardier beetle (D:6)
  2 quasits (Abyss:1)
  A gnoll bouda (D:7)
  5 hounds
  2 orc priests
  Terence (D:3)
  3 orc wizards
  4 iguanas
  15 gnolls
  11 adders
  A river rat (Sewer)
  A shadow imp (D:8)
  2 ufetubi (D:5)
  7 ribbon worms
  2 dart slugs
  10 orcs
  7 bats
  4 endoplasms
  5 giant cockroaches
  9 goblins
  11 hobgoblins
  6 jackals (D:2)
  21 kobolds
  2 quokkas
  8 ball pythons
  2 frilled lizards
  7 rats
211 creatures vanquished.

Vanquished Creatures (collateral kills)
  A spriggan (Bailey)
  An ogre (Bailey)
  A killer bee (D:8)
  A gnoll (D:2)
  A shadow imp (D:6)
  A dart slug (D:2)
  An orc (D:8)
  A goblin (D:2)
  A kobold (Sewer)
  A frilled lizard (D:3)
  A rat (D:1)
11 creatures vanquished.

Vanquished Creatures (others)
  A quokka (D:7)
1 creature vanquished.

Grand Total: 223 creatures vanquished

Notes
Turn   | Place    | Note
-------+----------+-------------------------------------------
     0 | D:1      | PaiMei the Demonspawn Necromancer began the quest for the
                  | Orb.
     0 | D:1      | Reached XP level 1. HP: 13/13 MP: 3/3
   216 | D:1      | Gained mutation: You regenerate a little health from kills.
                  | [demonic ancestry]
   216 | D:1      | Reached XP level 2. HP: 10/19 MP: 0/5
  1141 | D:2      | Gained mutation: You have sharp fingernails. [demonic
                  | ancestry]
  1141 | D:2      | Reached XP level 3. HP: 24/24 MP: 0/6
  1477 | D:2      | Identified the +5 hand axe of Cofuamu {heavy, rElec MP-9
                  | Str+3}
  1682 | D:2      | Gained mutation: You regenerate health from kills. [demonic
                  | ancestry]
  1682 | D:2      | Reached XP level 4. HP: 30/30 MP: 5/8
  2209 | D:2      | Reached skill level 5 in Necromancy
  2808 | D:2      | Reached XP level 5. HP: 35/35 MP: 4/9
  3044 | D:2      | Learned a level 3 spell: Vampiric Draining
  3049 | D:2      | Learned a level 4 spell: Animate Dead
  3705 | D:3      | Noticed Terence
  3711 | D:3      | Killed Terence
  3845 | D:3      | Identified the +1 pair of gloves "Xaestam" {^Contam Harm
                  | Int+6}
  4410 | D:4      | Found a staircase to the Ecumenical Temple.
  4418 | Temple   | Entered the Ecumenical Temple
  4434 | Temple   | Became a worshipper of Kikubaaqudgha
  4695 | D:4      | Found a burning altar of Makhleb.
  4695 | D:4      | Noticed a balrug
  4698 | D:4      | Noticed a neqoxec
  4698 | D:4      | Noticed a hellwing
  4871 | D:4      | Identified the ring of Beogh's Hatred {Will+ Str+5 Dex-2
                  | Slay+5}
  4999 | D:4      | Gained mutation: You sometimes gain a little power by
                  | taking damage. [demonic ancestry]
  4999 | D:4      | Reached XP level 6. HP: 41/41 MP: 8/11
  5217 | D:5      | Entered Level 5 of the Dungeon
  5217 | D:5      | Found a blossoming altar of Fedhas.
  5316 | D:5      | Noticed a water moccasin
  5330 | D:5      | Killed a water moccasin
  5331 | D:5      | Reached skill level 6 in Necromancy
  5331 | D:5      | Gained mutation: You have very sharp fingernails. [demonic
                  | ancestry]
  5331 | D:5      | Reached XP level 7. HP: 41/46 MP: 2/13
  5532 | D:5      | Found a glowing drain.
  5536 | Sewer    | Entered a sewer
  5539 | Sewer    | Reached * piety under Kikubaaqudgha
  5539 | Sewer    | Received a gift from Kikubaaqudgha
  6253 | D:5      | Found a bloodstained altar of Trog.
  6263 | D:5      | Found a shimmering altar of Xom.
  6754 | D:6      | Gained mutation: You are partially covered in thin metallic
                  | scales. (AC +2) [demonic ancestry]
  6754 | D:6      | Reached XP level 8. HP: 52/52 MP: 7/14
  6824 | D:6      | Reached skill level 5 in Stealth
  7172 | D:6      | Found a basalt altar of Yredelemnul.
  7185 | D:6      | Reached skill level 1 in Fighting
  7185 | D:6      | Reached skill level 7 in Necromancy
  7256 | D:6      | Found a shimmering blue altar of Sif Muna.
  7283 | D:6      | Noticed Pikel
  7355 | D:6      | Killed Pikel
  7356 | D:6      | Reached skill level 5 in Dodging
  7356 | D:6      | Reached skill level 5 in Spellcasting
  7706 | D:6      | Gained mutation: You sometimes gain power by taking damage.
                  | [demonic ancestry]
  7706 | D:6      | Reached XP level 9. HP: 64/64 MP: 17/17
  8276 | D:7      | Reached skill level 8 in Necromancy
  8352 | D:7      | Reached ** piety under Kikubaaqudgha
  8458 | D:7      | Found a runed translucent door.
  8466 | D:7      | Found a runed translucent door.
  8557 | D:7      | Found the +2 ratskin cloak {*Rats rPois rN+ Str-1 Int-1
                  | Dex+1}
  9350 | D:8      | Found a flagged portal.
  9374 | D:8      | Learned a level 5 spell: Curse of Agony
  9375 | Bailey   | Entered a bailey
  9856 | Bailey   | Reached skill level 5 in Fighting
  9856 | Bailey   | Reached skill level 9 in Necromancy
  9948 | Bailey   | Reached XP level 10. HP: 74/74 MP: 16/20
 10021 | Bailey   | Identified the quicksilver dragon scales of Crawling {Will+
                  | rCorr Slay+2}
 10450 | Bailey   | Noticed a two-headed ogre
 10463 | Bailey   | Killed a two-headed ogre
 11023 | D:8      | Found an opulent altar of Gozag.
 11033 | D:8      | Found a radiant altar of Vehumet.
 11500 | D:8      | Reached *** piety under Kikubaaqudgha
 11500 | D:8      | Received a gift from Kikubaaqudgha
 11925 | D:8      | Found Naemips's Assorted Antiques.
 11995 | D:9      | Noticed Maurice
 12010 | D:8      | Paralysed by Maurice for 4 turns
 12011 | D:8      | Maurice stole an amulet of faith
 12029 | D:8      | Something stole 4 curare-tipped darts
 12032 | D:8      | Something stole a +0 dagger of speed
 12033 | D:8      | Something stole 371 gold
 12061 | D:8      | Killed Maurice
 12062 | D:8      | Reached skill level 10 in Necromancy
 13048 | D:9      | Noticed Erolcha
 13093 | Abyss:1  | Cast into level 1 of the Abyss (Erolcha)
 13108 | Abyss:1  | Found a runed translucent door.
 13164 | Abyss:1  | Noticed a red draconian
 13189 | Abyss:1  | Noticed a large abomination
 13218 | Abyss:1  | Mangled by a large abomination

Illustrated notes

Levels and vault maps discovered:
D:1:      tarquinn_simple_flora_water_d, layout_basic
D:2:      layout_basic, chequers_serial_rivers_small_3, solitary_fountain,
          minmay_pentomino_x4
D:3:      layout_loops_corners, uniq_terence
D:4:      layout_loops_cross, makhleb_altar_promises_db,
          minmay_temple_entry_crystal_x
D:5:      layout_cave_pools, grunt_temple_overflow_open,
          overflow_temple_1_default, gup_sewer_entry_bowl, enter_ossuary_1,
          serial_bayou_lake_a
D:6:      layout_gridville, mainiacjoe_overflow_six_doors_small,
          overflow_temple_1_default, nicolae_overflow_crystal_walls,
          nicolae_figureground_sparkle, uniq_pikel
D:7:      lemuel_insect_pit, layout_basic, elyvilon_altar_4,
          nicolae_water_bricks
D:8:      layout_rooms, mainiacjoe_overflow_big_doors, serial_shops,
          nicolae_diamond_shop, enter_bailey_3, kennysheep_another_room
D:9:      layout_stronghold, uniq_erolcha, uniq_maurice
Temple:   nicolae_temple_godpark
Abyss:1:  base:
D:7

Skill      XL: |  1  2  3  4  5  6  7  8  9 10 |
---------------+-------------------------------+-----
Stealth        | 2 3 4 5 |  5.0
Dodging        | 2 3 4 5 6 7 |  7.9
Necromancy     | 5 6 7 9 10 | 10.2
Spellcasting   | 3 4 5 6 7 |  7.9
Fighting       | 3 5 6 |  6.7

Action                     |  1- 3 |  4- 6 |  7- 9 | 10-12 || total
---------------------------+-------+-------+-------+-------++-------
  Melee: Unarmed           |    15 |       |       |       ||    15
         Long sword        |    12 |    51 |    31 |       ||    94
         Punch             |     1 |       |     2 |     2 ||     5
         Short sword       |       |       |   121 |   131 ||   252
   Cast: Necrotise         |    59 |   136 |   102 |    26 ||   323
         Vampiric Draining |       |     8 |    85 |    68 ||   161
         Curse of Agony    |       |       |       |     1 ||     1
    Use: Potion            |       |       |       |     1 ||     1
   Stab: Sleeping          |       |       |     1 |       ||     1
         Distracted        |       |       |       |     1 ||     1
 Armour: Robe              |    25 |   104 |   127 |       ||   256
         Steam dragon scal |       |       |    37 |   222 ||   259
  Dodge: Dodged            |    29 |   128 |   173 |   285 ||   615
